Selects Australian Defense Battlegroup
Selects Australian Light Infantry Section
Australian Light Infantry Section
Australian Light Infantry Section
Australian Light Infantry Section
Australian Light Infantry Section
Construct Section Command Post
Construct Platoon Command Post
Australian Light Infantry Section
Construct Company Command Post
Selects CMP 15cwt Supply Run
Selects 2-pounder Anti-tank Gun Team
Selects Vehicle Over Repair